 Dungeon Crawl Stone Soup version 0.22-a0-469-gf26638a (webtiles) character file.

17327 jerryfan the Covert (level 12, -8/70 HPs)
             Began as a Halfling Gladiator on June 9, 2018.
             Was an Elder of Dithmenos.
             Mangled by Rupert
             ... wielding a +1 triple sword of electrocution
              (15 damage)
             ... on level 14 of the Dungeon on June 11, 2018.
             The game lasted 01:11:17 (13131 turns).

jerryfan the Covert (Halfling Gladiator)           Turns: 13131, Time: 01:11:18

Health: -8/70      AC:  7    Str: 15    XL:     12   Next: 81%
Magic:  16/16      EV: 23    Int:  6    God:    Dithmenos [****..]
Gold:   501        SH:  0    Dex: 21    Spells: 11/11 levels left

rFire    + + .     SeeInvis +   g - +1 dagger (venom)
rCold    + . .     Gourm    .   (shield restricted)
rNeg     . . .     Faith    .   E - +3 leather armour {rF+}
rPois    .         Spirit   .   c - +0 helmet
rElec    .         Reflect  .   a - scarf {rC+ rF+}
rCorr    .         Harm     .   (no gloves)
MR       .....                  (no boots)
Stlth    +++++++++.             Q - amulet of the acrobat
HPRegen  0.21/turn              K - ring of stealth
MPRegen  0.15/turn              B - ring of see invisible

@: wreathed by umbra
A: small, mutation resistance 1
a: Shadow Step, Renounce Religion


You were on level 14 of the Dungeon.
You worshipped Dithmenos.
Dithmenos was greatly pleased with you.
You were not hungry.

You visited 2 branches of the dungeon, and saw 14 of its levels.
You also visited: Sewer.

You collected 646 gold pieces.
You spent 145 gold pieces at shops.

Inventory:

Hand Weapons
 b - a +0 demon whip
 g - a +1 dagger of venom (weapon)
 m - a +0 hunting sling
 C - a +0 vampiric short sword
 F - the +2 long sword "Xuonuen" {drain, *Drain +Rage +Inv rN+}
   (You found it on level 5 of the Dungeon)

   A truly terrible weapon, it drains the life of those it strikes.
   It protects you from negative energy.
   It lets you turn invisible.
   It lets you go berserk.
   It causes draining when unequipped.
 I - a +1 short sword of holy wrath
 T - a +0 blowgun
Missiles
 h - 306 arrows
 i - 358 stones (quivered)
 w - 41 poisoned needles
Armour
 a - a scarf of resistance (worn)
 c - a +0 helmet (worn)
 E - a +3 leather armour of fire resistance (worn)
Jewellery
 n - an uncursed ring of positive energy
 A - an uncursed ring of wizardry
 B - a ring of see invisible (right hand)
 J - a +3 ring of slaying
 K - a ring of stealth (left hand)
 M - an uncursed ring of protection from fire
 P - an uncursed ring of poison resistance
 Q - an amulet of the acrobat (around neck)
Wands
 L - a wand of random effects (22)
 U - a wand of iceblast (13)
 V - a wand of acid (2)
Scrolls
 e - 6 scrolls of teleportation
 j - a scroll of identify
 l - 2 scrolls of random uselessness {unknown}
 q - 2 scrolls of enchant armour
 r - 6 scrolls of remove curse
 t - 2 scrolls of magic mapping {unknown}
 u - 3 scrolls of blinking {unknown}
 y - 3 scrolls of noise {unknown}
 G - a scroll of fear {unknown}
 H - a scroll of immolation {unknown}
 N - a scroll of enchant weapon {unknown}
 S - a scroll of fog
 Z - a scroll of amnesia {unknown}
Potions
 d - 2 potions of berserk rage {unknown}
 k - 4 potions of flight {unknown}
 o - 2 potions of might
 p - 2 potions of invisibility {unknown}
 s - 6 potions of curing
 v - a potion of haste {unknown}
 x - 2 potions of brilliance {unknown}
 z - 2 potions of heal wounds
 O - a potion of lignification {unknown}
 R - a potion of ambrosia {unknown}
 X - a potion of cancellation {unknown}
 Y - a potion of mutation {unknown}
Miscellaneous
 D - a box of beasts
Comestibles
 f - 25 rations


   Skills:
 - Level 2.0 Fighting
 + Level 10.8 Short Blades
 + Level 8.8 Throwing
 + Level 10.0 Dodging
 * Level 13.8 Stealth
 + Level 6.3 Evocations


You had 11 spell levels left.
You didn't know any spells.
Your spell library contained the following spells:

 Spells                   Type           Power        Failure   Level  Hunger
 Statue Form              Tmut/Erth      #........    100%        6    #######
 Dragon Form              Tmut           #.........   100%        7    #######
 Hydra Form               Tmut           #.........   100%        6    #######
 Irradiate                Conj/Tmut      #.........   100%        5    ######.


Dungeon Overview and Level Annotations

Branches:
Dungeon (14/15)            Temple (1/1) D:5            Lair (0/6) D:10
    Orc (0/2) D:11
 Vaults: D:13-14

Altars:
Ashenzari
Cheibriados
Dithmenos
Elyvilon
Fedhas
Gozag
Hepliaklqana
Kikubaaqudgha
Makhleb
Nemelex Xobeh
Okawaru
Qazlal
Ru
Sif Muna
Trog
Uskayaw
Vehumet
Wu Jian
Xom
Yredelemnul
Zin
The Shining One

Shops:
D:4 [   D:12 :

Annotations:
D:8 exclusion: downstairs
D:11 exclusion: downstairs
D:14 exclusion: Roxanne, Roxanne, Rupert


Innate Abilities, Weirdness & Mutations

You are small and have problems with some larger weapons.
You are somewhat resistant to further mutation.


Message History

You can move again.
Press: ? - help, v - describe, . - travel
Here: Rupert, wielding a triple sword of electrocution and wearing a ring mail (berserk, fast, unusually strong, umbra)
The floor.
Evoke which item? (* to show all) (? for menu, Esc to quit)
You reach into the bag... ...and things crawl out!
Rupert is caught in a web!
The now-empty bag unravels in your hand.
Rupert tears the web.
You swap places.
The crimson imp hits your soldier ant but does no damage.
Rupert rages.
Your soldier ant stings the crimson imp!
The crimson imp looks as sick as possible!
Your soldier ant poisons the crimson imp!
Your soldier ant stings the crimson imp but does no damage.
Evoke which item? (* to show all) (? for menu, Esc to quit)
You open the lid... ...and a juvenile fireshock beast leaps out!
Rupert hits you with a triple sword of electrocution!
You die...

#............
#..............
#########.............%
#......##..............
#......##..............
#........a.............
#...H...5..............
#.....@aa.###.#.###....
#.....@...# #.#..##....
#.∩....#### #.##.##....
#......# #.#........
#......# #.#........
######## #.#........
#.#........ #.#........
#......>... ###########


You could see Rupert (berserk), a crimson imp, a friendly juvenile fireshock
beast and 3 friendly soldier ants.

Vanquished Creatures
  2 hydras
  5 two-headed ogres
  A tengu warrior (D:11)
  A skeletal warrior (D:12)
  A cyclops (D:11)
  A manticore (D:14)
  An elephant (D:10)
  A guardian serpent (D:10)
  2 gargoyles (D:11)
  A kobold demonologist (D:9)
  A hornet (D:11)
  2 hippogriffs
  2 dream sheep (D:9)
  3 wyverns
  2 hungry ghosts
  A wraith (D:10)
  13 yaks
  2 vampire mosquitoes (D:11)
  2 ice beasts
  5 sky beasts
  6 orc warriors
  4 phantoms
  2 ogres
  7 centaurs
  4 crocodiles
  4 big kobolds
  A gnoll sergeant (D:5)
  5 bullfrogs
  3 scorpions
  2 electric eels (D:11)
  6 howler monkeys
  3 wights (D:6)
  8 crimson imps
  A centaur zombie (D:7)
  A bullfrog zombie (D:10)
  4 hounds
  6 orc priests
  A centaur skeleton (D:6)
  A gnoll shaman (D:4)
  A jelly (D:8)
  Jessica (D:3)
  5 iguanas
  6 orc wizards
  8 worker ants
  2 killer bee zombies
  A howler monkey zombie (D:5)
  7 adders
  12 gnolls
  2 shadow imps
  An ooze (D:1)
  4 worms
  A dart slug (D:1)
  5 leopard geckos
  37 orcs
  13 bats
  8 giant cockroaches
  6 hobgoblins
  9 jackals
  13 kobolds
  3 quokkas
  3 ball pythons
  4 frilled lizards
  7 goblins
  A jackal skeleton (D:6)
  A leopard gecko skeleton (D:4)
  2 quokka zombies
  12 rats
  A spectral orc (D:4)
294 creatures vanquished.

Vanquished Creatures (others)
  A sky beast (D:5)
  2 plants (D:9)
3 creatures vanquished.

Grand Total: 297 creatures vanquished

Notes
Turn   | Place    | Note
-------+----------+-------------------------------------------
     0 | D:1      | jerryfan the Halfling Gladiator began the quest for the Orb.
     0 | D:1      | Reached XP level 1. HP: 14/14 MP: 1/1
    85 | D:1      | Reached XP level 2. HP: 12/19 MP: 2/2
   197 | D:1      | Reached skill level 1 in Stealth
   242 | D:1      | Reached XP level 3. HP: 21/24 MP: 3/3
   964 | D:2      | Reached XP level 4. HP: 17/29 MP: 4/4
  1156 | D:2      | Reached skill level 2 in Stealth
  1377 | D:2      | Found a sparkling altar of Nemelex Xobeh.
  1732 | D:3      | Reached XP level 5. HP: 30/34 MP: 5/5
  1780 | D:3      | Noticed Jessica
  1800 | D:3      | Killed Jessica
  1800 | D:3      | Reached skill level 3 in Stealth
  1916 | D:3      | Found a glowing drain.
  2007 | Sewer    | Entered a sewer
  2047 | Sewer    | Noticed a crocodile
  2066 | Sewer    | Killed a crocodile
  2066 | Sewer    | Reached XP level 6. HP: 38/39 MP: 6/6
  2166 | D:3      | Reached skill level 4 in Stealth
  2304 | D:3      | Found an iron altar of Okawaru.
  2362 | D:3      | Found a faded altar of an unknown god.
  2616 | D:3      | Found an ancient bone altar of Kikubaaqudgha.
  3088 | D:4      | Reached skill level 5 in Short Blades
  3112 | D:4      | Reached XP level 7. HP: 41/45 MP: 7/7
  3372 | D:4      | Found Yttitama's Antique Armour Emporium.
  3378 | D:4      | Bought a glowing leather armour for 145 gold pieces
  3412 | D:4      | Reached skill level 5 in Stealth
  3539 | D:4      | Found a basalt altar of Yredelemnul.
  3629 | D:5      | Entered Level 5 of the Dungeon
  3823 | D:5      | Got a jewelled long sword
  3824 | D:5      | Identified the +2 long sword "Xuonuen" {drain, *Drain +Rage +Inv rN+} (You found it on level 5 of the Dungeon)
  3864 | D:5      | Reached skill level 5 in Dodging
  3939 | D:5      | Found a staircase to the Ecumenical Temple.
  4072 | D:5      | Reached skill level 6 in Stealth
  4072 | D:5      | Reached XP level 8. HP: 50/50 MP: 8/8
  4116 | Temple   | Entered the Ecumenical Temple
  4148 | Temple   | Became a worshipper of Dithmenos the Shadowed
  4660 | D:5      | Found a shimmering altar of Xom.
  4688 | D:5      | Reached skill level 7 in Stealth
  5271 | D:6      | Reached XP level 9. HP: 54/54 MP: 9/9
  5310 | D:6      | Reached * piety under Dithmenos
  5310 | D:6      | Reached skill level 5 in Throwing
  5335 | D:6      | Reached skill level 8 in Stealth
  5359 | D:6      | Upgraded the game from 0.22-a0-460-g49b1da7 to 0.22-a0-467-g5c5de1c
  5832 | D:6      | Reached skill level 9 in Stealth
  6376 | D:7      | Noticed a hippogriff
  6745 | D:7      | Killed a hippogriff
  6817 | D:7      | Reached skill level 1 in Evocations
  6928 | D:7      | Reached ** piety under Dithmenos
  6970 | D:7      | Reached XP level 10. HP: 60/60 MP: 9/11
  7317 | D:7      | Noticed a purple ugly thing
  7317 | D:7      | Noticed a seven-headed hydra
  7677 | D:8      | Reached skill level 10 in Stealth
  8073 | D:8      | Noticed a two-headed ogre
  8079 | D:8      | Killed a two-headed ogre
  8217 | D:8      | Upgraded the game from 0.22-a0-467-g5c5de1c to 0.22-a0-469-gf26638a
  8416 | D:8      | Noticed a two-headed ogre
  8422 | D:8      | Killed a two-headed ogre
  8541 | D:9      | Found a deep blue altar of Sif Muna.
  8541 | D:9      | Found a stormy altar of Qazlal.
  8964 | D:9      | Reached skill level 11 in Stealth
  9077 | D:9      | Found a glowing silver altar of Zin.
  9082 | D:9      | Noticed a kobold demonologist
  9127 | D:9      | Reached XP level 11. HP: 63/64 MP: 13/13
  9162 | D:9      | Noticed a three-headed hydra
  9305 | D:9      | Killed a three-headed hydra
  9839 | D:9      | Reached *** piety under Dithmenos
  9916 | D:9      | Reached skill level 12 in Stealth
 10284 | D:10     | Entered Level 10 of the Dungeon
 10285 | D:10     | Found a staircase to the Lair.
 10285 | D:10     | Noticed an elephant
 10375 | D:10     | Noticed a six-headed hydra
 10382 | D:10     | Killed a six-headed hydra
 10428 | D:10     | Noticed a two-headed ogre
 10435 | D:10     | Killed a two-headed ogre
 10447 | D:10     | Reached skill level 5 in Evocations
 10816 | D:10     | Killed an elephant
 10816 | D:10     | Reached skill level 10 in Short Blades
 10816 | D:10     | Reached XP level 12. HP: 45/70 MP: 15/15
 11184 | D:11     | HP: 2/70 [wyvern (8)]
 12083 | D:11     | Reached skill level 13 in Stealth
 12096 | D:11     | Noticed a two-headed ogre
 12103 | D:11     | Killed a two-headed ogre
 12151 | D:11     | Noticed a two-headed ogre
 12158 | D:11     | Killed a two-headed ogre
 12357 | D:11     | Reached **** piety under Dithmenos
 12398 | D:11     | Noticed a tengu warrior
 12469 | D:11     | Found a staircase to the Orcish Mines.
 12576 | D:11     | Killed a tengu warrior
 12908 | D:12     | Found a deep blue altar of Sif Muna.
 12921 | D:12     | Noticed a skeletal warrior
 12932 | D:12     | Noticed a skeletal warrior
 12972 | D:12     | Found Awad's Book Boutique.
 13052 | D:12     | Killed a skeletal warrior
 13085 | D:12     | You fall through a shaft for 2 floors!
 13085 | D:14     | Noticed Roxanne
 13117 | D:14     | Reached skill level 10 in Dodging
 13118 | D:14     | Noticed Rupert
 13123 | D:14     | Paralysed by Rupert for 6 turns
 13131 | D:14     | Mangled by Rupert

Vault maps used:
D:1:      lemuel_arrival_tunnels
D:2:      nicolae_overflow_hidden_temple, first_ration, serial_bayou_pond_d
D:3:      lemuel_doored_altar, portal_sewer_entry_a,
          chequers_ecumenical_altar_simple_redux, okawaru_trees_1, uniq_jessica
D:4:      yredelemnul_forgotten_temple_becter, serial_shops,
          nicolae_shop_crystal
D:5:      lemuel_round_altar, temple_green
D:6:      minivault_24
D:7:      minmay_the_grid_triangle_9x9_rhombus_full
D:9:      gammafunk_temple_overflow_pools, basic_altar, hangedman_ranch
D:10:     david_lair_generic, nrook_guardian_serpent_ordinary
D:11:     erik_orc_2, st_stairs_6, lightli_fourway_metalbox
D:12:     serial_shops, shop, basic_altar, lab_entry_generic
D:14:     abandoned_shop, serial_glass, glass_columns_a, glass_columns_a,
          xom_shifter_show, uniq_roxanne, uniq_rupert
Temple:   compressed_dpeg_circular_temple
Sewer:    sewer_big_baddie

Skill      XL: |  1  2  3  4  5  6  7  8  9 10 11 12 |
---------------+-------------------------------------+-----
Stealth        | 1 2 3 4 6 7 9 11 12 13 | 13.8
Short Blades   | 4 5 6 7 8 10 | 10.8
Fighting       | 2 |  2.0
Dodging        | 4 5 6 7 8 9 10 | 10.0
Throwing       | 3 4 5 6 8 |  8.8
Evocations     | 1 3 5 6 |  6.3

Action                   |  1- 3 |  4- 6 |  7- 9 | 10-12 || total
-------------------------+-------+-------+-------+-------++-------
Melee: Rapier            |    90 |       |       |       ||    90
       Dagger            |       |   206 |   376 |   513 ||  1095
       Short sword       |       |       |    61 |    83 ||   144
 Fire: Hunting sling     |       |       |     2 |       ||     2
Throw: Throwing net      |     1 |     6 |     4 |     1 ||    12
       Stone             |       |     6 |    23 |     1 ||    30
Evoke: Wand              |       |       |     1 |    20 ||    21
       Box of beasts     |       |       |       |     2 ||     2
       Sack of spiders   |       |       |       |     1 ||     1
  Use: Scroll            |       |     5 |     6 |     6 ||    17
       Potion            |       |       |     3 |     2 ||     5
 Stab: Sleeping          |     3 |     7 |     9 |    26 ||    45
       Held in net/web   |       |       |     1 |     2 ||     3
       Paralysed         |       |       |     1 |     5 ||     6
       Distracted        |       |       |       |     4 ||     4
  Eat: Chunk             |       |     6 |     8 |     9 ||    23
       Ration            |       |       |     2 |     3 ||     5
Armor: Leather armour    |    11 |    37 |    39 |    27 ||   114
Dodge: Dodged            |    65 |   189 |   282 |   438 ||   974

Table legend:
 A = Spawn XP
 B = Non-spawn XP
 C = Spawn XP percentage of total XP
 D = Spawn monster count
 E = Non-spawn monster count
 F = Spawn count percentage of total count
 G = Total turns spent on level
                    A         B        C        D         E        F      G
               +---------+---------+-------+---------+---------+-------+---------
         Total |       0 |   24753 |   0.0 |       0 |     295 |   0.0 | 13131
               +---------+---------+-------+---------+---------+-------+---------
           D:1 |       0 |      60 |   0.0 |       0 |      26 |   0.0 |   904
           D:2 |       0 |      74 |   0.0 |       0 |      20 |   0.0 |   808
           D:3 |       0 |     153 |   0.0 |       0 |      34 |   0.0 |  1075
           D:4 |       0 |     371 |   0.0 |       0 |      22 |   0.0 |   872
           D:5 |       0 |     851 |   0.0 |       0 |      22 |   0.0 |  1115
           D:6 |       0 |    1597 |   0.0 |       0 |      32 |   0.0 |  1182
           D:7 |       0 |    1278 |   0.0 |       0 |      19 |   0.0 |  1504
           D:8 |       0 |    2452 |   0.0 |       0 |      13 |   0.0 |  1150
           D:9 |       0 |    4215 |   0.0 |       0 |      25 |   0.0 |  1464
          D:10 |       0 |    4756 |   0.0 |       0 |      16 |   0.0 |  1112
          D:11 |       0 |    6864 |   0.0 |       0 |      45 |   0.0 |  1323
          D:12 |       0 |    1413 |   0.0 |       0 |      14 |   0.0 |   366
          D:14 |       0 |     556 |   0.0 |       0 |       1 |   0.0 |    46
         Sewer |       0 |     113 |   0.0 |       0 |       6 |   0.0 |   126
               +---------+---------+-------+---------+---------+-------+---------
